Map: Magannatha LE

Players

Serral - Winner!

  • Race: Zerg Zerg
  • League: Master
  • Spawn Location: 5:00

LiquidClem (Clem)

  • Race: Terran Terran
  • League: Grandmaster
  • Spawn Location: 11:00

VOD

Have the link to the VOD?

Description

Time

  • Played on: June 7, 2025, 1:36 p.m.
  • Length: 14:59
Show
View Real Time Build Order
Export as new Build Order

Serral Zerg - Winner!

Build Orders: Hatch First, Lurkers 

Get SALT Encoding   

  12  0:00  Drone  
  13  0:08  Drone  
  14  0:15  Extractor, Drone  
  15  0:22  Overlord  
  15  0:41  Drone  
  16  0:44  Hatchery  
  16  0:49  Drone  
  16  0:52  Drone  
  16  0:55  Drone  
  18  1:07  Extractor  
  18  1:11  Spawning Pool  
  16  1:13  Drone  
  16  1:17  Drone  
  18  1:26  Drone  
  19  1:37  Drone  
  20  1:47  Drone  
  21  1:57  Queen x2  
  21  1:58  Zergling x2  
  21  1:59  Zergling x2  
  27  2:08  Overlord  
  27  2:09  Drone  
  28  2:22  Hatchery  
  27  2:26  Drone  
  27  2:29  Metabolic Boost  
  28  2:35  Spore Crawler  
  27  2:38  Drone  
  27  2:40  Drone x2  
  31  2:47  Queen  
  31  2:51  Overlord  
  33  2:53  Drone  
  33  2:56  Drone  
  35  2:59  Drone  
  35  3:04  Overlord  
  36  3:12  Drone x4  
  40  3:18  Drone x3  
  43  3:23  Queen  
  45  3:29  Queen  
  47  3:36  Overlord  
  47  3:38  Zergling x6  
  50  3:45  Queen, Drone  
  50  3:47  Zergling x2  
  54  3:51  Overlord  
  54  3:52  Drone  
  54  3:55  Drone x2  
  57  4:00  Queen  
  59  4:06  Drone x3  
  59  4:07  Drone  
  63  4:12  Overlord  
  63  4:14  Drone x3  
  65  4:19  Overlord  
  65  4:21  Zergling x4  
  67  4:25  Zergling x2  
  67  4:26  Lair  
  67  4:28  Drone  
  67  4:29  Drone  
  70  4:32  Overlord  
  70  4:33  Zergling x2  
  70  4:34  Drone  
  70  4:35  Drone  
  70  4:37  Drone  
  74  4:40  Queen  
  74  4:44  Drone x3  
  79  4:47  Zergling x2  
  79  4:48  Drone  
  79  4:50  Drone  
  82  4:56  Spore Crawler  
  82  4:57  Spore Crawler, Drone x3  
  83  5:04  Spore Crawler  
  80  5:07  Hatchery, Queen  
  80  5:12  Drone x2  
  80  5:13  Extractor, Drone  
  83  5:16  Drone x3  
  83  5:17  Drone  
  87  5:21  Overlord  
  87  5:22  Drone  
  87  5:23  Drone x2  
  87  5:28  Overseer  
  90  5:29  Extractor, Drone x3  
  90  5:33  Hydralisk Den, Extractor, Drone x2  
  92  5:38  Extractor  
  92  5:41  Evolution Chamber, Drone x4  
  92  5:42  Evolution Chamber  
  93  5:43  Drone  
  93  5:47  Extractor  
  93  5:48  Drone x5  
  98  5:51  Drone, Overlord  
  98  5:53  Drone  
  100  5:57  Drone, Overlord  
  101  6:06  Grooved Spines  
  101  6:08  Drone x2  
  103  6:13  Overlord  
  103  6:15  Drone  
  103  6:16  Zerg Ground Armor Level 1, Drone, Zerg Missile Weapons Level 1  
  103  6:17  Overlord  
  105  6:18  Extractor  
  105  6:21  Zergling x12  
  105  6:22  Extractor  
  109  6:29  Zergling x4  
  109  6:31  Overlord  
  108  6:33  Queen  
  108  6:37  Hydralisk x3  
  116  6:40  Hydralisk x2  
  120  6:47  Hydralisk x2  
  120  6:53  Hydralisk x5  
  134  6:59  Drone  
  135  7:02  Muscular Augments, Infestation Pit  
  135  7:06  Drone x4  
  135  7:07  Drone  
  135  7:08  Overlord  
  139  7:12  Hydralisk  
  141  7:15  Hydralisk x2  
  141  7:16  Hydralisk  
  141  7:21  Overseer  
  147  7:23  Overlord  
  147  7:24  Hydralisk x2  
  151  7:32  Overlord  
  151  7:33  Overlord  
  151  7:34  Overlord x3  
  151  7:36  Overlord  
  145  7:44  Hive, Overseer  
  145  7:47  Hydralisk x6  
  153  7:52  Drone x2  
  153  7:54  Infestor x2  
  153  7:58  Zergling x6  
  162  8:01  Zergling x4  
  162  8:04  Zergling x2  
  163  8:09  Zergling x4  
  161  8:17  Hatchery  
  161  8:18  Drone x2  
  162  8:21  Spore Crawler  
  162  8:24  Zergling x14  
  162  8:25  Spore Crawler, Zergling x14  
  173  8:31  Lurker Den  
  173  8:32  Hydralisk x3  
  172  8:40  Hydralisk  
  172  8:41  Hydralisk x2  
  156  8:42  Overseer  
  156  8:47  Hydralisk  
  156  8:48  Hydralisk x2  
  162  8:50  Zerg Missile Weapons Level 2  
  162  8:52  Zerg Ground Armor Level 2  
  162  9:02  Hydralisk x5  
  162  9:07  Overlord  
  170  9:18  Hydralisk x4  
  170  9:22  Zergling x18  
  187  9:27  Pneumatized Carapace  
  187  9:30  Seismic Spines  
  187  9:35  Zergling x12  
  193  9:38  Spore Crawler  
  193  9:41  Drone x2  
  187  9:47  Overseer, Drone x2  
  187  9:50  Drone x3  
  187  9:51  Nydus Network  
  187  9:54  Drone  
  187  9:55  Drone  
  187  9:59  Zergling x20  
  189  10:14  Extractor  
  187  10:15  Lurker x8  
  187  10:17  Extractor  
  187  10:18  Adrenal Glands  
  187  10:19  Drone x2  
  187  10:20  Zergling x6  
  199  10:28  Adaptive Talons  
  199  10:29  Spine Crawler  
  199  10:31  Drone  
  199  10:33  Drone  
  196  10:40  Zergling x16  
  196  10:41  Zergling x6  
  199  10:47  Overseer x3  
  199  10:49  Nydus Canal  
  199  10:52  Overseer  
  199  10:54  Hydralisk x3  
  199  10:55  Drone  
  199  11:00  Baneling Nest, Drone  
  199  11:01  Drone  
  199  11:04  Drone x3  
  194  11:07  Drone x2  
  194  11:09  Hatchery  
  194  11:10  Overseer  
  194  11:13  Zerg Ground Armor Level 3, Zerg Melee Weapons Level 1  
  194  11:16  Drone x3  
  194  11:18  Zergling x2  
  194  11:19  Zergling x8  
  199  11:31  Hydralisk x3, Zergling x2  
  199  11:32  Zergling x6  
  198  11:34  Lurker x4  
  198  11:39  Lurker  
  196  11:40  Lurker  
  196  11:41  Zergling x2, Lurker  
  193  11:49  Hydralisk x4, Zergling x2  
  193  11:50  Zergling x16  
  193  11:59  Hydralisk x3  
  193  12:00  Zergling x6  
  199  12:05  Centrifugal Hooks  
  199  12:08  Hydralisk x2  
  195  12:09  Zergling x6  
  195  12:12  Nydus Canal  
  195  12:14  Overseer x3  
  191  12:19  Hydralisk x2, Burrow  
  191  12:20  Zergling x8  
  199  12:27  Infestor  
  199  12:28  Infestor x2  
  199  12:29  Drone x3  
  199  12:34  Hydralisk  
  199  12:35  Hydralisk, Zergling x4  
  200  12:42  Drone  
  200  12:43  Overseer  
  198  12:44  Hydralisk  
  198  12:45  Zergling x4  
  198  12:49  Lurker  
  185  12:59  Zergling x20  
  185  13:05  Baneling x8  
  176  13:06  Hydralisk x4  
  176  13:07  Zergling x20  
  176  13:10  Lurker x4  
  176  13:11  Lurker  
  199  13:13  Baneling x2  
  199  13:15  Spore Crawler  
  196  13:23  Baneling x7  
  196  13:32  Baneling  
  196  13:33  Baneling x10  
  193  13:35  Hatchery  
  192  13:42  Spire  
  192  13:43  Unknown, Baneling x6  
  192  13:47  Nydus Canal, Overseer  
  192  13:48  Zergling x16  
  196  13:59  Infestor  
  196  14:01  Zergling x24  
  199  14:04  Nydus Canal  
  199  14:08  Baneling x2  
  199  14:09  Overseer  
  199  14:12  Zergling x2  
  193  14:25  Zergling x10  
  193  14:28  Nydus Canal  
  191  14:32  Hydralisk x2  
  191  14:33  Zergling x2  
  194  14:40  Zergling x8  
  194  14:43  Nydus Canal  
Show
View Real Time Build Order
Export as new Build Order

LiquidClem Terran 

Build Orders: Reaper Expand, Hellion Banshee 

Get SALT Encoding   

  12  0:00  SCV  
  13  0:12  SCV  
  14  0:17  Supply Depot  
  14  0:24  SCV  
  15  0:39  SCV  
  15  0:40  Barracks  
  15  0:42  Refinery  
  16  0:51  SCV  
  17  1:03  SCV  
  18  1:15  SCV  
  19  1:27  Orbital Command, Reaper  
  20  1:38  Command Center  
  20  1:46  Supply Depot  
  20  1:53  SCV  
  21  1:59  Marine  
  22  2:06  SCV  
  23  2:09  Factory  
  23  2:18  SCV  
  23  2:21  Barracks Reactor  
  24  2:30  SCV  
  25  2:39  Command Center  
  25  2:43  SCV  
  26  2:50  Orbital Command  
  26  2:55  SCV  
  26  2:57  Starport  
  27  3:03  Hellion  
  29  3:08  Hellion  
  29  3:11  SCV  
  32  3:14  Barracks Tech Lab  
  32  3:16  SCV  
  33  3:22  Refinery  
  33  3:23  SCV  
  33  3:25  Hellion  
  36  3:29  Hellion  
  36  3:30  SCV  
  39  3:35  SCV  
  40  3:43  Marine, Banshee  
  40  3:44  SCV  
  40  3:47  SCV  
  46  3:50  Hellion x2  
  46  3:53  Orbital Command  
  50  3:56  SCV  
  50  3:59  SCV  
  52  4:03  Supply Depot  
  52  4:08  Cloaking Field  
  52  4:09  SCV, Barracks Tech Lab  
  53  4:11  SCV  
  54  4:20  SCV  
  54  4:21  SCV  
  57  4:24  SCV  
  57  4:26  Barracks  
  57  4:27  Barracks, Factory Reactor  
  57  4:29  Marine  
  58  4:32  SCV, Supply Depot  
  58  4:34  Refinery  
  58  4:35  SCV  
  60  4:38  Banshee  
  60  4:42  SCV  
  60  4:45  Orbital Command, Supply Depot  
  65  4:47  SCV, Marine  
  66  4:54  SCV  
  66  4:56  Engineering Bay  
  66  4:57  Engineering Bay  
  66  4:59  SCV  
  68  5:04  Marine, Supply Depot  
  68  5:06  SCV  
  70  5:08  Refinery, Supply Depot  
  70  5:10  Stimpack  
  70  5:11  SCV  
  71  5:14  SCV  
  71  5:18  SCV, Factory Reactor  
  73  5:22  Supply Depot  
  73  5:23  Marine x2  
  73  5:24  SCV, Marine  
  73  5:26  Terran Infantry Weapons Level 1  
  77  5:29  SCV  
  77  5:30  SCV  
  77  5:35  Starport Reactor, Supply Depot  
  79  5:36  SCV, Marine x2  
  79  5:40  Terran Infantry Armor Level 1  
  82  5:44  Marine, Supply Depot  
  82  5:45  Marine x2  
  82  5:48  SCV x2, Barracks  
  87  5:50  SCV  
  87  5:56  Barracks  
  88  5:58  Widow Mine x2  
  88  6:00  SCV  
  88  6:01  Marine  
  88  6:03  Marine x2  
  96  6:04  Marine  
  96  6:05  SCV  
  96  6:07  Marine  
  99  6:11  Medivac  
  99  6:12  SCV, Supply Depot, Medivac  
  99  6:15  SCV  
  99  6:17  SCV  
  106  6:18  Marine  
  106  6:22  Widow Mine x2  
  106  6:24  Supply Depot  
  111  6:26  SCV  
  111  6:28  Marine  
  111  6:29  Marine  
  111  6:30  SCV  
  111  6:31  Marine  
  114  6:33  SCV  
  114  6:39  SCV, Supply Depot  
  116  6:40  Factory  
  116  6:41  Armory  
  116  6:42  Barracks Reactor  
  116  6:43  Barracks Reactor  
  116  6:44  Medivac x2  
  116  6:46  Widow Mine  
  122  6:47  SCV  
  122  6:48  SCV  
  122  6:51  Missile Turret, SCV, Marine x2  
  122  6:53  Marine x2  
  129  6:54  Marine  
  130  7:02  Supply Depot  
  130  7:04  Combat Shield, Refinery  
  130  7:08  Widow Mine  
  132  7:09  Marine x2  
  132  7:10  Missile Turret  
  132  7:11  Marine  
  132  7:15  Command Center  
  135  7:16  Marine  
  135  7:17  Marine  
  135  7:19  Widow Mine  
  139  7:23  Marine x2  
  139  7:24  Medivac x2  
  139  7:27  Widow Mine, Marine x2  
  139  7:28  Marine x2  
  151  7:31  Marine  
  151  7:34  Drilling Claws, Marine  
  151  7:36  Widow Mine  
  153  7:37  Supply Depot  
  153  7:41  Marine x2  
  153  7:42  Marine  
  140  7:45  Widow Mine, Marine x2  
  140  7:46  Marine x2  
  140  7:48  Terran Infantry Weapons Level 2  
  140  7:49  Marine  
  140  7:52  Marine  
  140  7:56  Widow Mine  
  140  7:57  Widow Mine  
  145  7:59  Marine x3  
  145  8:00  Terran Infantry Armor Level 2  
  145  8:02  Marine  
  145  8:04  Marine x2  
  149  8:07  Marine  
  149  8:09  Widow Mine, Marine  
  150  8:14  Marine  
  150  8:15  Sensor Tower  
  150  8:16  Barracks  
  150  8:17  Barracks, Widow Mine, Marine x2  
  150  8:18  Widow Mine, Barracks, Marine  
  158  8:21  Terran Vehicle And Ship Armor Level 1  
  158  8:23  SCV x2  
  160  8:28  Supply Depot  
  160  8:29  Marine  
  160  8:30  Marine x2  
  160  8:31  Widow Mine  
  160  8:32  Marine x2  
  160  8:33  Marine  
  164  8:34  SCV  
  164  8:38  Widow Mine, Medivac  
  164  8:40  Marine x2  
  149  8:42  Marine  
  149  8:43  SCV  
  149  8:47  Widow Mine, Marine  
  150  8:50  SCV  
  150  8:52  SCV, Widow Mine  
  150  8:55  Supply Depot  
  154  8:56  Marine  
  154  8:57  Marine x2  
  154  8:58  Marine  
  154  9:00  Widow Mine  
  154  9:01  Supply Depot  
  160  9:02  Marine  
  160  9:03  Marine  
  160  9:04  Barracks Tech Lab  
  160  9:05  Barracks Tech Lab  
  160  9:06  Barracks Tech Lab  
  160  9:07  Marine  
  160  9:08  Widow Mine  
  165  9:10  Planetary Fortress  
  165  9:11  SCV  
  165  9:14  Widow Mine  
  165  9:15  Marine x2  
  165  9:16  Marine  
  171  9:20  SCV, Marine x2  
  171  9:21  Widow Mine  
  174  9:26  Sensor Tower, Marine x2  
  174  9:30  Widow Mine  
  178  9:37  Marauder x3  
  178  9:38  Marauder  
  186  9:39  Ghost Academy, Widow Mine  
  186  9:40  Marine x2  
  186  9:44  Medivac x2  
  184  9:55  Widow Mine, Marine x2  
  184  9:58  SCV, Marauder  
  184  9:59  Refinery  
  186  10:00  Refinery, Command Center  
  186  10:04  Widow Mine  
  178  10:09  Marine x5  
  178  10:10  Marine  
  180  10:14  Medivac x2  
  180  10:18  Ghost  
  185  10:21  Ghost x2  
  185  10:22  Widow Mine, Marine x2  
  195  10:30  Ghost  
  195  10:32  Missile Turret  
  186  10:35  Marine  
  186  10:36  Marine  
  186  10:37  Widow Mine, Marine  
  186  10:38  Marine  
  186  10:39  Marine  
  186  10:40  Marine  
  186  10:41  Marine x2  
  175  10:46  Ghost  
  175  10:50  Ghost, Marine  
  175  10:53  Marine  
  175  10:54  Widow Mine, Marine  
  175  10:55  Marine  
  175  10:56  Marine  
  175  10:57  Marine  
  179  10:58  Marine x3  
  179  10:59  Ghost  
  179  11:02  Terran Infantry Weapons Level 3  
  185  11:08  Marine  
  173  11:11  Marine  
  173  11:15  Ghost  
  175  11:18  Ghost  
  175  11:20  Marine x3  
  175  11:22  Widow Mine  
  175  11:23  Marine  
  175  11:24  Marine  
  184  11:32  Ghost  
  178  11:34  Widow Mine  
  178  11:35  Marine x2  
  178  11:39  Ghost  
  186  11:43  Ghost  
  186  11:44  Command Center  
  189  11:47  Ghost  
  189  11:48  Widow Mine, Marine, Medivac  
  189  11:51  Marine  
  184  11:54  Widow Mine, Marine x2  
  184  11:58  Marine  
  184  11:59  Widow Mine, Marine  
  184  12:01  Ghost  
  175  12:02  Marine  
  175  12:05  Marine  
  175  12:07  Ghost  
  176  12:09  Widow Mine  
  176  12:10  Marine  
  176  12:13  Orbital Command  
  176  12:14  Ghost  
  175  12:15  Widow Mine  
  175  12:17  Marine x2  
  175  12:19  Marine x3  
  180  12:25  Ghost  
  180  12:26  Marine  
  180  12:28  Marine x2  
  180  12:29  Widow Mine, Marine  
  181  12:35  Marine x2  
  181  12:36  Widow Mine, Marine  
  182  12:47  Ghost x2  
  182  12:51  Orbital Command, Widow Mine  
  174  13:02  Widow Mine  
  174  13:03  Marine  
  174  13:05  Marine x2  
  168  13:06  Widow Mine, Marine  
  168  13:08  Ghost x2, Marine  
  168  13:10  SCV  
  168  13:12  Orbital Command  
  178  13:22  SCV  
  178  13:23  SCV  
  178  13:25  SCV x2  
  180  13:32  Ghost  
  183  13:34  SCV  
  183  13:38  SCV  
  183  13:39  SCV  
  186  13:46  Liberator, Sensor Tower  
  168  14:05  Marauder  
  166  14:11  Orbital Command, Widow Mine, Sensor Tower  
  166  14:12  Marine  
  166  14:13  Marine  
  166  14:14  Marine x2  
  166  14:15  Siege Tank  
  160  14:24  SCV  
  160  14:26  SCV  
  160  14:29  Marine  
  160  14:31  Marine x4  
  151  14:32  Widow Mine  
  151  14:37  Marine  
Tags
 
Add a new tag
Caveats
  • Supply blocks, unpowered buildings, or Contaminate may cause inaccurate times.
  • Supply counts are checked every 10 seconds.